Unix NetHack Version 3.7.0-87 Work-in-progress - last build Jul 6 2023 03:31:47 (95ed96c5f904f8c939670f77da02ce65a080bf33,branch:master). Game began 2023-07-12 12:10:55, ended 2023-07-12 12:29:50. ardi, neutral male human Barbarian ----- --..%. -<..@. ...%.. Ardi the Pillager St:18/02 Dx:18 Co:17 In:7 Wi:7 Ch:6 Neutral S:742 Dlvl:3 $:30 HP:0(39) Pw:8(8) AC:7 Xp:4/121 T:1180 Burdened Blind Latest messages: Please move the cursor to an unknown object. (For instructions type a '?') The garter snake bites! You kill the garter snake! You see here a scroll labeled FNORD. r - a scroll labeled FNORD. There's some graffiti on the floor here. You read: "\o mattc? vherc yo? go, there you arc.". You climb up the stairs. You hear someone cursing shoplifters. You descend the stairs. Please move the cursor to an unknown object. (For instructions type a '?') The dwarf wields a pick-axe! The dwarf swings his pick-axe. The dwarf hits! You miss the dwarf. The gnome hits! You kill the dwarf! You kill the gnome! The gnome hits! The gnome hits! s - a pair of iron shoes. t - a dwarvish cloak. You have a little trouble lifting a dog eared spellbook. Continue? [ynq] (q) You have a little trouble lifting u - a dog eared spellbook. You have a little trouble lifting v - a pick-axe. Your movements are slowed slightly because of your load. The gnome hits! You kill the gnome! You smite the gnome! The gnome drinks a ruby potion! The gnome looks better. You smite the gnome! You kill the gnome! Please move the cursor to an unknown object. (For instructions type a '?') You see here a gnome corpse. There is a gnome corpse here; eat it? [ynq] (n) Blecch! Rotten food! Everything suddenly goes dark. It hits! You stop eating the gnome corpse. It hits! You die... Do you want your possessions identified? [ynq] (y) Do you want to see your attributes? [ynq] (y) Do you want an account of creatures vanquished? [ynaq] (y) Do you want to see your conduct and achievements? [ynq] (y) Do you want to see the dungeon overview? [ynq] (y) Inventory: Coins $ - 30 gold pieces Weapons n - 11 +0 arrows p - a blessed +1 sling j - a +0 orcish dagger a - a +0 battle-axe (weapon in hands) b - a +0 short sword (alternate weapon; not wielded) Armor k - a cursed -1 orcish helm (being worn) s - a blessed +1 pair of iron shoes t - an uncursed +0 dwarvish cloak f - an uncursed +0 chain mail c - an uncursed +0 ring mail (being worn) Comestibles d - an uncursed food ration l - an uncursed egg Scrolls r - an uncursed scroll of destroy armor m - a blessed scroll of enchant weapon o - an uncursed scroll of enchant weapon e - an uncursed scroll of identify Spellbooks u - an uncursed spellbook of detect monsters Potions g - a blessed potion of fruit juice h - an uncursed potion of gain ability Wands i - a wand of slow monster (0:5) Tools v - a +0 pick-axe Gems/Stones q - 4 uncursed rocks Ardi the Barbarian's attributes: Background: You were a Pillager, a level 4 male human Barbarian. You were neutral, nominally on a mission for Crom who was opposed by Mitra (lawful) and Set (chaotic). You were in the Gnomish Mines, on level 3. You entered the dungeon 1180 turns ago. You had 121 experience points, 39 more were needed to attain level 5. Your score was 742 before end-of-game adjustments. Basics: You had 0 out of 39 hit points. You had all 8 energy points (spell power). Your armor class was 7. Your wallet contained 30 zorkmids. Autopickup was off. Final Characteristics: Your strength was 18/02 (limit:18/100). Your dexterity was 18 (limit:18). Your constitution was 17 (limit:18). Your intelligence was 7 (limit:18). Your wisdom was 7 (limit:18). Your charisma was 6 (limit:18). Final Status: You were temporarily blind. You were not hungry. You were burdened; movement was slightly slowed. You were wielding an axe. You had basic skill with axe. Final Attributes: You were devoutly aligned. You were poison resistant. You were warded. You are dead. Miscellaneous: You never encountered a bones level. Total elapsed playing time was 18 minutes and 53 seconds. Major events: Turn 1: ardi the neutral male human Barbarian entered the dungeon 971: attained the rank of Pillager (level 3) 1156: entered the Gnomish Mines 1180: killed by a dwarf Vanquished creatures: a giant mimic a dwarf a hobbit a red mold 3 gnomes a garter snake 2 geckos 5 jackals a kobold a goblin 2 sewer rats 3 lichens a kobold zombie 3 newts 26 creatures vanquished. No species were genocided or became extinct. Voluntary challenges: You were an atheist. You were illiterate. You never engraved Elbereth. You never genocided any monsters. You never polymorphed an object. You never changed form. You used no wishes. Achievements: You entered a shop. You attained the rank of Pillager. You entered the Gnomish Mines. The Dungeons of Doom: levels 1 to 3 Level 1: Level 2: A general store, a grave. Stairs down to The Gnomish Mines. Level 3: The Gnomish Mines: Level 3: <- You were here. Final resting place for you, killed by a dwarf. Game over: ---------- / \ / REST \ / IN \ / PEACE \ / \ | ardi | | 30 Au | | killed by a | | dwarf | | | | | | 2023 | *| * * * | * _________)/\\_//(\/(/\)/\//\/|_)_______ Goodbye ardi the Barbarian... You died in The Gnomish Mines on dungeon level 3 with 739 points, and 30 pieces of gold, after 1180 moves. You were level 4 with a maximum of 39 hit points when you died.